 Dungeon Crawl Stone Soup version 0.20.1-1-g8b1a95d (webtiles) character file.

145479 Monsterracer the Black Belt (level 17, -34/142 HPs)
             Began as an Octopode Transmuter on Aug 24, 2017.
             Was the Champion of Okawaru.
             Killed by Shatter
             ... invoked by Jorgrun
              (78 damage)
             ... on level 3 of the Swamp.
             The game lasted 01:58:32 (33027 turns).

Monsterracer the Black Belt (Octopode Transmuter)  Turns: 33027, Time: 01:58:33

Health: -34/142    AC: 11    Str:  9    XL:     17   Next: 42%
Magic:  8/25       EV: 36    Int: 30    God:    Okawaru [******]
Gold:   704        SH:  0    Dex: 16    Spells: 1/27 levels left

rFire    . . .     SeeInvis +     - Unarmed
rCold    + + +     Gourm    .   (shield currently unavailable)
rNeg     . . .     Faith    .   (helmet currently unavailable)
rPois    +         Spirit   .   Z - amulet of regeneration
rElec    .         Reflect  .   o - ring of protection from fire
rCorr    .         Harm     .   c - +2 ring of protection
MR       ++...                  d - +2 ring of protection
Stlth    +++++++...             f - +3 ring of evasion
Regen    0.8/turn               e - +3 ring of evasion
MPRegen  0.2/turn               h - ring of protection from magic {!a}
                                T - ring of Hamubir {Int+9 SInv}
                                g - ring of Phasing {EV+8, !a}

@: ice-form, heroism, finesse
A: almost no armour, stealthy swim, amphibious, 8 rings, (constrict 8), agile 1,
evolution 1, subdued magic 1
a: End Transformation, Heroism, Finesse, Renounce Religion


You were on level 3 of the Swamp.
You worshipped Okawaru.
Okawaru was exalted by your worship.
You were not hungry.
You were a creature of crystalline ice.
You visited 5 branches of the dungeon, and saw 27 of its levels.
You also visited: Ice Cave.

You collected 3049 gold pieces.
You spent 2345 gold pieces at shops.

Inventory:

Missiles
 a - 494 arrows
 u - 692 stones (quivered)
Armour
 n - a +2 hat (melded)
 H - the +0 buckler of Mudufo (melded) {rN+ Regen+ rCorr}
   (Okawaru gifted it to you on level 9 of the Dungeon)

   It protects you from negative energy.
   It increases your rate of regeneration.
   It protects you from acid and corrosion.
 W - a +0 shield of protection
Magical Staves
 b - an uncursed staff of wizardry {!a}
Jewellery
 c - a +2 ring of protection (right front paw)
 d - a +2 ring of protection (on tentacle)
 e - a +3 ring of evasion (on tentacle)
 f - a +3 ring of evasion (on tentacle)
 g - the ring of Phasing (on tentacle) {EV+8, !a}
   (You bought it in a shop on level 6 of the Dungeon)

   [ring of evasion]

   It affects your evasion (+8).
 h - a ring of protection from magic (on tentacle) {!a}
 o - a ring of protection from fire (left front paw)
 r - an uncursed ring of resist corrosion
 C - the ring "Noecwonu" {rN+ Int+4 Dex+4 Stlth-}
   (You found it on level 8 of the Dungeon)

   [ring of dexterity]

   It affects your intelligence (+4).
   It affects your dexterity (+4).
   It protects you from negative energy.
   It makes you less stealthy.
 E - an uncursed ring of flight
 T - the ring of Hamubir (on tentacle) {Int+9 SInv}
   (You found it on level 6 of the Lair of Beasts)

   [ring of see invisible]

   It affects your intelligence (+9).
   It lets you see invisible.
 Z - an amulet of regeneration (around neck)
Wands
 y - a wand of clouds (4/9)
 K - a wand of acid (8/15)
 M - a wand of digging (17/24)
Scrolls
 j - a scroll of fog
 k - 4 scrolls of blinking
 B - 8 scrolls of identify
 N - 7 scrolls of magic mapping
 P - a scroll of silence
 Q - 3 scrolls of recharging
 S - 11 scrolls of remove curse
 U - 4 scrolls of teleportation
Potions
 i - 5 potions of brilliance
 l - 2 potions of cancellation
 s - 2 potions of agility
 t - 3 potions of invisibility
 v - 2 potions of mutation
 z - 6 potions of berserk rage
 A - 6 potions of heal wounds
 D - 2 potions of haste
 I - a potion of might
 L - 11 potions of curing
 R - 3 potions of resistance
Comestibles
 m - 8 meat rations
 p - 16 royal jellies
 q - 9 bread rations
 w - 2 chunks of flesh
 x - 10 fruits


   Skills:
 + Level 12.2(17.2) Fighting
 + Level 11.9(16.9) Dodging
 + Level 14.6(19.6) Stealth
 - Level 4.0(9.0) Shields
 * Level 16.8(21.8) Unarmed Combat
 - Level 5.6 Spellcasting
 - Level 3.0 Charms
 - Level 3.0 Summonings
 - Level 3.4 Necromancy
 - Level 2.0 Translocations
 - Level 10.0 Transmutations
 - Level 4.0 Ice Magic
 - Level 10.0 Invocations


You had one spell level left.
You knew the following spells:

 Your Spells              Type           Power        Failure   Level  Hunger
a - Ice Form              Ice/Tmut       #####...     2%          4    ###....
b - Sticks to Snakes      Tmut           ######..     1%          2    None
c - Spider Form           Tmut/Pois      ####......   1%          3    None
d - Regeneration          Chrm/Necr      ###.......   3%          3    None
e - Passwall              Tmut/Erth      ####......   1%          2    None
f - Freeze                Ice            ####         1%          1    None
g - Animate Dead          Necr           N/A          11%         4    ###....
h - Summon Butterflies    Summ           ###.....     1%          1    None
i - Blade Hands           Tmut           ######....   1%          5    #####..
z - Apportation           Tloc           ###...       1%          1    None


Dungeon Overview and Level Annotations

Branches:
Dungeon (15/15)            Temple (1/1) D:4            Lair (6/6) D:11
  Swamp (3/4) Lair:4       Spider (0/4) Lair:4        Slime (0/5) Lair:6
    Orc (2/2) D:9             Elf (0/3) Orc:2        Vaults (0/5) D:13
 Depths (0/5) D:15

Altars:
Ashenzari
Cheibriados
Dithmenos
Elyvilon
Fedhas
Gozag
Hepliaklqana
Kikubaaqudgha
Makhleb
Nemelex Xobeh
Okawaru
Qazlal
Ru
Sif Muna
Trog
Uskayaw
Vehumet
Xom
Yredelemnul
Zin
The Shining One

Shops:
D:6 [[}==   D:10 =   D:15 *[!?   Orc:2 *[(:

Annotations:
D:13 shugdite's ghost, journeyman MiFi
Swamp:3 Jorgrun


Innate Abilities, Weirdness & Mutations

You cannot wear most types of armour.
You are very stealthy in the water. (Stealth+)
You are amphibious.
You can wear up to eight rings at the same time.
((You can use your tentacles to constrict eight enemies at once.))
((Your skin changes colour to match your surroundings (Stealth+).))
((Your rubbery body absorbs attacks. (AC +1, EV +1)))
((You are partially covered in large bone plates. (SH +4)))
You are agile. (Dex +2)
((Your flesh is heat resistant. (rF+)))
You evolve.
Your spells are a little easier to cast, but a little less powerful.


Message History

You closely miss Jorgrun.
Jorgrun is heavily wounded.
Jorgrun mumbles some strange words.
The dungeon rumbles around Jorgrun!
You shudder from the earth-shattering force.
* * * LOW HITPOINT WARNING * * *
Ka-crash!
The slime creature hits you!
* * * LOW HITPOINT WARNING * * *
Huge Dmg: -38%(-54hp) hp: 14%(19hp)
You barely miss Jorgrun.
Jorgrun is moderately wounded.
You pummel Jorgrun!! You freeze Jorgrun.
Jorgrun is severely wounded.
You feel much better. The slime creature barely misses you.
Jorgrun casts a spell.
The dungeon rumbles around Jorgrun!
You shudder from the earth-shattering force.
Ouch! That really hurt!
You die...

≈ ♣♣♣ ≈≈ ♣.♣ ♣.≈.
♣.♣♣ ♣♣
♣♣♣♣♣♣♣♣...≈.
♣♣.♣♣ ♣.
♣≈.♣..J.....≈≈
♣...♣♣♣.
♣≈...YJ.....§
♣♣..♣≈.≈ ♣
♣..#≈g≈####..
♣...≈≈≈ ♣♣.
♣..#...≈$ ♣.≈≈≈≈≈
♣≈≈♣♣♣♣..#......#
♣.♣≈≈≈.
♣≈≈≈♣.♣..#.....≈#
♣..≈.≈≈
..≈≈.....##.##..#
♣.≈≈≈♣.
.≈≈≈♣.≈..#......≈
♣≈♣≈.♣.
≈≈.≈≈♣≈..#......#.
♣.≈.≈♣.
≈..≈≈♣♣...#####
♣≈≈♣≈♣♣


You could see Jorgrun and 2 slime creatures.

Vanquished Creatures
  Saint Roka (Orc:2)
  Kirke (Lair:5)
  A thorn hunter (Swamp:2)
  A frost giant (IceCv)
  Louise (D:14)
  An orc warlord (Orc:1)
  5 dire elephants (Lair:6)
  A rakshasa (D:15)
  Josephine (Orc:2)
  14 hydras
  Erolcha (D:13)
  A ghost crab (Swamp:2)
  An anaconda (Lair:6)
  Erica (D:7)
  5 alligators
  2 centaur warriors (D:15)
  9 two-headed ogres
  2 tengu warriors
  2 orc high priests
  3 death yaks
  A skeletal warrior (D:15)
  4 unseen horrors
  2 spriggan druids
  2 wizards
  A shambling mangrove (Swamp:1)
  A swamp dragon (Swamp:1)
  A wolf spider zombie (D:12)
  A glowing orange brain (D:15)
  4 orc knights
  2 lindwurms
  6 oklob plants
  3 deep elf magi
  5 manticores
  12 ugly things
  4 orc sorcerers
  12 elephants
  A cyclops (D:11)
  A moth of wrath (shapeshifter) (D:15)
  4 black mambas
  2 ice statues
  Maurice (D:13)
  22 spiny frogs
  A gargoyle (D:15)
  7 komodo dragons
  4 kobold demonologists
  3 freezing wraiths
  2 rime drakes
  3 tengu conjurers (D:15)
  12 trolls
  An ice devil (Lair:6)
  A harpy zombie (D:14)
  3 meliai (D:14)
  6 tyrant leeches
  8 hornets
  15 polar bears
  2 wind drakes (shapeshifter) (D:15)
  17 blink frogs
  5 bog bodies
  33 slime creatures
  A hornet (shapeshifter) (D:15)
  A harpy skeleton (D:14)
  7 dream sheep (Lair:6)
  8 hippogriffs
  7 spriggans
  A shadow (D:14)
  3 wraiths (Orc:2)
  4 redbacks (Lair:4)
  2 vampires
  67 yaks
  5 wyverns
  3 hogs (Lair:5)
  4 hungry ghosts
  14 vampire mosquitoes
  22 swamp worms
  7 wargs
  6 insubstantial wisps (Swamp:2)
  2 acid dragons
  10 porcupines
  11 water moccasins
  2 black bears
  41 orc warriors
  3 sky beasts
  9 ice beasts
  An eye of draining (shapeshifter) (D:15)
  An eye of draining (D:15)
  A necrophage (D:10)
  6 phantoms
  2 swamp drakes (Swamp:2)
  11 ogres
  8 centaurs
  32 wolves
  A big kobold (D:7)
  10 crocodiles
  21 bullfrogs
  2 gnoll sergeants
  A wyvern skeleton (D:10)
  15 killer bees
  4 scorpions
  A scorpion (shapeshifter) (D:15)
  2 howler monkeys
  3 wights
  4 electric eels (D:13)
  4 crimson imps
  A bullfrog zombie (D:12)
  A quasit (D:11)
  2 centaur zombies
  7 jellies
  6 centaur skeletons
  12 hounds
  16 orc priests
  4 bullfrog skeletons
  23 orc wizards
  3 iguanas
  Jessica (D:3)
  8 worker ants
  A killer bee zombie (D:7)
  A hound skeleton (D:7)
  Robin (D:2)
  5 gnolls
  13 adders
  4 shadow imps
  16 white imps
  9 oozes
  3 adder skeletons
  2 adder zombies
  4 worms
  A dart slug (D:3)
  8 leopard geckos
  84 orcs
  9 giant cockroaches
  14 goblins
  6 hobgoblins
  10 jackals
  2 quokkas (D:4)
  13 bats
  2 frilled lizards (D:1)
  A jackal zombie (D:4)
  12 kobolds
  A quokka skeleton (D:8)
  7 rats
  5 plants
957 creatures vanquished.

Vanquished Creatures (collateral kills)
  A death yak (Lair:3)
  4 blink frogs (Lair:5)
  An orc warrior (Orc:1)
  An ogre (Orc:1)
  A phantom (D:6)
  A crocodile (Lair:3)
  An electric eel (D:13)
  A gnoll (D:8)
  An orc (Orc:1)
12 creatures vanquished.

Vanquished Creatures (others)
  A shadow (Swamp:2)
  A bullfrog (D:15)
  An adder (D:3)
  27 fungi
  15 plants
45 creatures vanquished.

Grand Total: 1014 creatures vanquished

Notes
Turn   | Place    | Note
-------+----------+-------------------------------------------
     0 | D:1      | Monsterracer the Octopode Transmuter began the quest for the Orb.
     0 | D:1      | Reached XP level 1. HP: 13/13 MP: 3/3
   312 | D:1      | Reached XP level 2. HP: 15/18 MP: 3/5
   382 | D:1      | Learned a level 2 spell: Sticks to Snakes
   869 | D:2      | Noticed Robin
   884 | D:2      | Killed Robin
   884 | D:2      | Reached XP level 3. HP: 12/23 MP: 4/6
   924 | D:2      | Learned a level 3 spell: Spider Form
  1167 | D:2      | HP: 11/23 [poisoned by an adder]
  1174 | D:2      | HP: 10/23 [poisoned by an adder]
  1182 | D:2      | HP: 8/23 [poisoned by an adder]
  1894 | D:2      | Reached XP level 4. HP: 27/28 MP: 4/7
  2325 | D:3      | Found a bloodstained altar of Trog.
  2385 | D:3      | Found a white marble altar of Elyvilon.
  2428 | D:3      | Noticed Jessica
  2436 | D:3      | Killed Jessica
  2436 | D:3      | Reached skill level 4 in Unarmed Combat
  2443 | D:3      | Found a basalt altar of Yredelemnul.
  2570 | D:3      | Found a faded altar of an unknown god.
  2589 | D:3      | Reached XP level 5. HP: 32/33 MP: 6/8
  2909 | D:3      | Found a stormy altar of Qazlal.
  3206 | D:4      | HP: 13/33 [orc/flail of protection (11)]
  3220 | D:4      | HP: 7/33 [orc/trident (7)]
  3464 | D:4      | Reached XP level 6. HP: 25/38 MP: 9/9
  3470 | D:4      | Learned a level 4 spell: Ice Form
  3938 | D:4      | Reached skill level 5 in Unarmed Combat
  3946 | D:4      | Found a staircase to the Ecumenical Temple.
  3952 | D:4      | HP: 16/38 [leopard gecko (4)]
  3964 | Temple   | Entered the Ecumenical Temple
  4158 | Temple   | Became a worshipper of Warmaster Okawaru
  4345 | D:4      | Found a burning altar of Makhleb.
  4349 | D:4      | Noticed a green death
  4352 | D:4      | Found a glowing silver altar of Zin.
  4353 | D:4      | Noticed an angel
  4455 | D:5      | Entered Level 5 of the Dungeon
  4480 | D:5      | HP: 16/45 [centaur zombie (8)]
  4728 | D:5      | HP: 19/38 [centaur skeleton (2)]
  4732 | D:5      | Reached skill level 1 in Ice Magic
  4943 | D:5      | Reached skill level 5 in Transmutations
  5007 | D:5      | Reached XP level 7. HP: 44/44 MP: 5/10
  5017 | D:5      | HP: 26/52 [centaur (1)]
  5235 | D:5      | Found a stormy altar of Qazlal.
  5240 | D:5      | Noticed a dagger
  5240 | D:5      | Noticed a hand axe
  5241 | D:5      | Found a blossoming altar of Fedhas.
  5243 | D:5      | Found a hide-covered altar of Uskayaw.
  5606 | D:6      | Reached * piety under Okawaru
  5621 | D:6      | Reached skill level 6 in Unarmed Combat
  5769 | D:6      | Found Otzusac's Jewellery Emporium.
  5777 | D:6      | Bought a +2 ring of protection for 110 gold pieces
  5777 | D:6      | Bought a +2 ring of protection for 110 gold pieces
  5789 | D:6      | Found Yguihes's Jewellery Emporium.
  5904 | D:6      | HP: 24/54 [ogre/giant club (8)]
  5908 | D:6      | Reached XP level 8. HP: 27/51 MP: 7/11
  5912 | D:6      | HP: 29/61 [phantom (1)]
  6016 | D:6      | HP: 23/51 [phantom (10)]
  6083 | D:6      | Found Wualuach's Armour Shop.
  6084 | D:6      | Found Qioshrede's Armour Shoppe.
  6096 | D:6      | Found Vaoplywk's Gadget Shop.
  6369 | D:6      | Reached ** piety under Okawaru
  6791 | D:7      | Reached skill level 7 in Unarmed Combat
  6791 | D:7      | Reached skill level 1 in Invocations
  7090 | D:7      | Reached skill level 1 in Stealth
  7094 | D:7      | Found a deep blue altar of Sif Muna.
  7107 | D:7      | Identified Sif Muna's Guide on the Glacier
  7398 | D:8      | Reached XP level 9. HP: 55/58 MP: 8/12
  7405 | D:8      | Got an iridescent quarterstaff
  7438 | D:8      | Identified the +5 quarterstaff of the Fray {speed, rElec rF- Dex+3} (You found it on level 8 of the Dungeon)
  7460 | D:8      | HP: 30/69 [wyvern (10)]
  7629 | D:8      | Reached *** piety under Okawaru
  7704 | D:8      | Learned a level 1 spell: Freeze
  7835 | D:8      | Noticed Erica
  7854 | D:8      | HP: 30/69 [gnoll sergeant/flail (8)]
  7858 | D:7      | Killed Erica
  7858 | D:7      | Reached skill level 8 in Unarmed Combat
  7858 | D:7      | HP: 11/70 [gnoll sergeant/stone (5)]
  7864 | D:7      | HP: 15/70 [gnoll sergeant/stone (2)]
  8045 | D:8      | Reached **** piety under Okawaru
  8215 | D:8      | Reached XP level 10. HP: 65/65 MP: 9/13
  8228 | D:8      | Received a gift from Okawaru
  8249 | D:8      | Found a glowing golden altar of the Shining One.
  8448 | D:8      | Got a warped bronze ring
  8480 | D:8      | Found an opulent altar of Gozag.
  8481 | D:8      | Identified the ring "Noecwonu" {rN+ Int+4 Dex+4 Stlth-} (You found it on level 8 of the Dungeon)
  8482 | D:8      | Found a sparkling altar of Nemelex Xobeh.
  8599 | D:9      | Reached skill level 5 in Fighting
  8739 | D:9      | Reached skill level 5 in Stealth
  9088 | D:9      | Found a staircase to the Orcish Mines.
  9119 | D:9      | Reached skill level 9 in Unarmed Combat
  9302 | D:9      | Noticed a two-headed ogre
  9312 | D:9      | HP: 31/79 [two-headed ogre/giant club (28)]
  9315 | D:9      | HP: 8/118 [two-headed ogre/giant club (22)]
  9316 | D:9      | Killed a two-headed ogre
  9316 | D:9      | Reached ***** piety under Okawaru
  9814 | D:9      | Reached skill level 5 in Invocations
 10018 | D:9      | Reached skill level 5 in Dodging
 10100 | D:9      | Reached XP level 11. HP: 56/72 MP: 9/14
 10890 | D:9      | Received a gift from Okawaru
 10910 | D:9      | Got a transparent buckler {god gift}
 10964 | D:9      | Identified the +0 buckler of Mudufo {rN+ Regen+ rCorr} (Okawaru gifted it to you on level 9 of the Dungeon)
 10992 | D:10     | Entered Level 10 of the Dungeon
 11148 | D:10     | Noticed a two-headed ogre
 11155 | D:10     | Killed a two-headed ogre
 11351 | D:10     | Noticed a two-headed ogre
 11357 | D:10     | Killed a two-headed ogre
 11426 | D:10     | Noticed a two-headed ogre
 11431 | D:10     | Killed a two-headed ogre
 11431 | D:10     | Reached skill level 10 in Unarmed Combat
 11488 | D:10     | Found Qosy's Jewellery Shop.
 11959 | D:11     | Noticed a cyclops
 11974 | D:11     | HP: 40/88 [cyclops (22)]
 11978 | D:11     | Killed a cyclops
 12854 | D:11     | Noticed a two-headed ogre
 12863 | D:11     | Killed a two-headed ogre
 12863 | D:11     | Received a gift from Okawaru
 12992 | D:11     | Found a staircase to the Lair.
 13129 | D:11     | Noticed a two-headed ogre
 13137 | D:11     | Killed a two-headed ogre
 13137 | D:11     | Reached XP level 12. HP: 80/80 MP: 11/16
 13529 | D:11     | Learned a level 3 spell: Regeneration
 13532 | D:11     | Learned a level 2 spell: Passwall
 13610 | D:11     | HP: 45/96 [orc priest/divine providence (15)]
 13823 | Lair:1   | Entered Level 1 of the Lair of Beasts
 14323 | Lair:1   | HP: 48/96 [poisoned by a spiny frog]
 14328 | Lair:1   | HP: 45/96 [poisoned by a spiny frog]
 14333 | Lair:1   | HP: 43/96 [poisoned by a spiny frog]
 14340 | Lair:1   | HP: 42/96 [poisoned by a spiny frog]
 14347 | Lair:1   | HP: 42/96 [poisoned by a spiny frog]
 14355 | Lair:1   | HP: 42/96 [poisoned by a spiny frog]
 14444 | Lair:1   | Reached skill level 11 in Unarmed Combat
 14613 | Lair:1   | HP: 41/96 [yak (10)]
 14618 | Lair:1   | HP: 35/96 [yak (7)]
 14624 | Lair:1   | Received a gift from Okawaru
 14744 | Lair:1   | Noticed an eight-headed hydra
 14754 | Lair:1   | Killed an eight-headed hydra
 15667 | Lair:2   | Found a sacrificial altar of Ru.
 15716 | Lair:2   | Reached skill level 10 in Transmutations
 15767 | Lair:2   | HP: 42/97 [blink frog (13)]
 16362 | Lair:3   | Noticed a seven-headed hydra
 16374 | Lair:3   | Killed a seven-headed hydra
 16374 | Lair:3   | Reached XP level 13. HP: 65/86 MP: 14/18
 16531 | Lair:3   | Reached skill level 1 in Charms
 16750 | Lair:3   | Received a gift from Okawaru
 16766 | Lair:3   | Reached skill level 1 in Necromancy
 16925 | Lair:3   | Reached skill level 12 in Unarmed Combat
 17151 | Lair:3   | Learned a level 4 spell: Animate Dead
 17650 | Lair:4   | Found a frozen archway.
 17830 | Lair:4   | Reached skill level 10 in Stealth
 17843 | Lair:4   | Reached ****** piety under Okawaru
 17887 | Lair:4   | Received a gift from Okawaru
 17906 | IceCv    | Entered an ice cave
 18164 | IceCv    | HP: 45/105 [yak (10)]
 18573 | IceCv    | Received a gift from Okawaru
 18682 | IceCv    | Noticed a frost giant
 18725 | IceCv    | Killed a frost giant
 18725 | IceCv    | Reached XP level 14. HP: 82/95 MP: 14/20
 19062 | Lair:3   | Received a gift from Okawaru
 19070 | Lair:3   | HP: 53/114 [death yak (17)]
 19217 | Lair:4   | Reached skill level 13 in Unarmed Combat
 19625 | Lair:4   | Found a hole to the Spider Nest.
 19702 | Lair:4   | Found a staircase to the Swamp.
 19983 | Lair:4   | Reached skill level 5 in Spellcasting
 20506 | Lair:5   | Noticed Kirke
 20950 | Lair:5   | Learned a level 1 spell: Summon Butterflies
 20952 | Lair:5   | Learned a level 1 spell: Apportation
 21125 | Lair:6   | Entered Level 6 of the Lair of Beasts
 21191 | Lair:5   | Killed Kirke
 21370 | Lair:6   | Got a glittering brass ring
 21371 | Lair:6   | Identified the ring of Hamubir {Int+9 SInv} (You found it on level 6 of the Lair of Beasts)
 21450 | Lair:6   | Received a gift from Okawaru
 21492 | Lair:6   | HP: 54/116 [lindwurm (14)]
 21493 | Lair:6   | Reached skill level 1 in Summonings
 21763 | Lair:6   | Found a staircase to the Slime Pits.
 21929 | Lair:6   | HP: 56/116 [dream sheep (10)]
 21935 | Lair:6   | HP: 38/116 [dream sheep (7)]
 22266 | Lair:6   | HP: 41/97 [acid (9)]
 22706 | Lair:6   | Noticed a dire elephant
 22706 | Lair:6   | Noticed a dire elephant
 22709 | Lair:6   | Noticed a dire elephant
 22783 | Lair:6   | Noticed a dire elephant
 22794 | Lair:6   | Noticed a dire elephant
 22794 | Lair:6   | Killed a dire elephant
 22794 | Lair:6   | Reached XP level 15. HP: 72/103 MP: 16/22
 22882 | Lair:6   | Reached skill level 14 in Unarmed Combat
 23121 | Lair:6   | HP: 51/123 [dire elephant (15)]
 23415 | Orc:1    | Entered Level 1 of the Orcish Mines
 23525 | Orc:2    | Entered Level 2 of the Orcish Mines
 23525 | Orc:2    | Found a staircase to the Elven Halls.
 23531 | Orc:2    | Noticed an orc warlord
 23542 | Orc:1    | HP: 60/123 [ogre/giant spiked club (7)]
 23662 | Orc:1    | HP: 51/123 [orc warlord/long sword of protection (28)]
 23665 | Orc:1    | Killed an orc warlord
 23864 | Orc:1    | Received a gift from Okawaru
 23880 | Orc:1    | Reached skill level 10 in Invocations
 23930 | Orc:2    | Reached skill level 10 in Dodging
 23984 | Orc:2    | Found Ovirawkups's Antique Weapon Boutique.
 24022 | Orc:2    | Noticed Josephine
 24034 | Orc:2    | Killed Josephine
 24034 | Orc:2    | Reached skill level 10 in Fighting
 24052 | Orc:2    | Noticed Saint Roka
 24061 | Orc:2    | HP: 57/123 [warg (7)]
 24073 | Orc:2    | HP: 55/123 [warg[Saint Roka] (10)]
 24243 | Orc:1    | HP: 59/123 [orc warrior/scimitar[Saint Roka] (11)]
 24245 | Orc:1    | HP: 26/123 [orc/mace[Saint Roka] (4)]
 24536 | D:6      | Bought the ring of Phasing {EV+8} for 1408 gold pieces
 24985 | Orc:2    | Killed Saint Roka
 25179 | Orc:2    | HP: 51/123 [orc warrior/hand axe (23)]
 25365 | Orc:2    | Found Adeis's General Store.
 25466 | Orc:2    | Bought 2 scrolls of blinking for 165 gold pieces
 25666 | Orc:2    | Found Uchodgh's Antique Armour Boutique.
 25821 | Orc:2    | Found Cufij's Book Shop.
 26161 | D:6      | Bought an uncursed ring of protection from magic for 300 gold pieces
 26161 | D:6      | Bought a +3 ring of evasion for 252 gold pieces
 26492 | D:12     | Received a gift from Okawaru
 26507 | D:12     | Gained mutation: You are surrounded by a mild repulsion field. (EV +2) [mutagenic meat]
 26568 | D:12     | Reached skill level 1 in Translocations
 26931 | D:12     | Reached skill level 15 in Unarmed Combat
 27198 | D:13     | HP: 61/126 [electric eel/bolt of electricity (9)]
 27406 | D:13     | Reached XP level 16. HP: 109/111 MP: 21/24
 27423 | D:13     | Found a gate to the Vaults.
 27508 | D:13     | Noticed shugdite's ghost (journeyman MiFi)
 27539 | D:13     | HP: 50/133 [shugdite's ghost (31)]
 27544 | D:13     | HP: 15/133 [shugdite's ghost (37)]
 27647 | D:12     | Learned a level 5 spell: Blade Hands
 27723 | D:13     | Noticed Maurice
 27733 | D:13     | Killed Maurice
 27798 | D:13     | Noticed Erolcha
 27803 | D:13     | Killed Erolcha
 28971 | D:15     | Entered Level 15 of the Dungeon
 29107 | D:15     | Received a gift from Okawaru
 29114 | D:15     | HP: 65/134 [four-headed hydra (10)]
 29122 | D:15     | Noticed Louise
 29124 | D:15     | HP: 59/134 [battlesphere[a tengu conjurer] (12)]
 29136 | D:15     | HP: 45/134 [manticore/volley of spikes (19)]
 29141 | D:15     | HP: 27/134 [barbs]
 29285 | D:15     | Found Socwud's Distillery.
 29296 | D:14     | Gained mutation: You are partially covered in icy blue scales. (AC +2) [mutagenic meat]
 29297 | D:14     | Gained mutation: Your body sometimes deteriorates upon taking damage. [mutagenic meat]
 29298 | D:14     | Gained mutation: You are agile. (Dex +2) [mutagenic meat]
 29492 | D:14     | Killed Louise
 29592 | D:15     | HP: 54/112 [manticore (14)]
 29858 | D:14     | Lost mutation: Your body sometimes deteriorates upon taking damage. [potion of mutation]
 29858 | D:14     | Lost mutation: You are agile. (Dex +2) [potion of mutation]
 29858 | D:14     | Lost mutation: You are surrounded by a mild repulsion field. (EV +2) [potion of mutation]
 29858 | D:14     | Lost mutation: You are partially covered in icy blue scales. (AC +2) [potion of mutation]
 29858 | D:14     | Gained mutation: You are partially covered in large bone plates. (SH +4) [potion of mutation]
 29858 | D:14     | Gained mutation: Your spells are a little easier to cast, but a little less powerful. [potion of mutation]
 29858 | D:14     | Gained mutation: You are dopey. (Int -2) [potion of mutation]
 29858 | D:14     | Gained mutation: Your muscles are strong. (Str +2) [potion of mutation]
 29992 | D:15     | Gained mutation: You occasionally shout uncontrollably at your foes. [mutagenic meat]
 29993 | D:15     | Lost mutation: You are dopey. (Int -2) [mutagenic meat]
 29994 | D:15     | Gained mutation: Your body sometimes deteriorates upon taking damage. [mutagenic meat]
 29995 | D:15     | Lost mutation: You occasionally shout uncontrollably at your foes. [potion of mutation]
 29995 | D:15     | Lost mutation: Your body sometimes deteriorates upon taking damage. [potion of mutation]
 29995 | D:15     | Lost mutation: Your muscles are strong. (Str +2) [potion of mutation]
 29995 | D:15     | Gained mutation: You are agile. (Dex +2) [potion of mutation]
 29995 | D:15     | Gained mutation: Your flesh is heat resistant. (rF+) [potion of mutation]
 29995 | D:15     | Gained mutation: You evolve. [potion of mutation]
 30016 | D:15     | Received a gift from Okawaru
 30231 | D:15     | Received a gift from Okawaru
 30249 | D:15     | HP: 56/113 [centaur warrior/uncursed dagger (12)]
 30297 | D:15     | Found Sawu Kir's Antique Armour Shop.
 30300 | D:15     | Found Reakepil's General Store.
 30343 | D:15     | HP: 47/113 [orc warrior/battleaxe[a glowing orange brain] (26)]
 30416 | D:15     | Reached skill level 16 in Unarmed Combat
 30480 | D:15     | Found Piomeos's Magic Scroll Boutique.
 30587 | D:15     | Found a staircase to the Depths.
 30791 | Swamp:1  | Entered Level 1 of the Swamp
 31072 | Swamp:1  | HP: 67/135 [hornet[a shambling mangrove] (12)]
 31078 | Swamp:1  | HP: 65/135 [poisoned by a hornet]
 31348 | Swamp:1  | HP: 52/136 [spriggan rider/spear (19)]
 31433 | Swamp:1  | Reached XP level 17. HP: 115/119 MP: 18/25
 31820 | Swamp:2  | Received a gift from Okawaru
 32005 | Swamp:2  | HP: 69/142 [insubstantial wisp/static electricity (6)]
 32012 | Swamp:2  | HP: 71/142 [insubstantial wisp/static electricity (7)]
 32785 | Swamp:3  | HP: 64/142 [swamp worm[a spriggan druid] (15)]
 32792 | Swamp:3  | HP: 35/142 [swamp worm[a spriggan druid] (8)]
 32802 | Swamp:3  | HP: 36/142 [spiny frog[a spriggan druid] (6)]
 32810 | Swamp:2  | HP: 42/142 [swamp worm[a spriggan druid] (15)]
 33019 | Swamp:3  | Noticed Jorgrun
 33024 | Swamp:3  | HP: 26/142 [Jorgrun/Shatter (47)]
 33027 | Swamp:3  | Killed from afar by Jorgrun

Skill      XL: |  1  2  3  4  5  6  7  8  9 10 11 12 13 14 15 16 17 |
---------------+----------------------------------------------------+-----
Transmutations | 3 4 5 7 8 9 10 | 10.0
Unarmed Combat | 4 5 6 7 8 9 10 11 12 13 15 16 | 16.8
Ice Magic      | 1 2 3 4 |  4.0
Fighting       | 2 3 4 5 6 7 8 9 10 11 12 | 12.2
Invocations    | 1 3 5 6 7 8 9 10 | 10.0
Stealth        | 1 4 6 8 9 10 12 14 | 14.6
Dodging        | 3 5 6 7 8 9 10 11 | 11.9
Shields        | 2 4 |  4.0
Spellcasting   | 3 4 5 |  5.6
Charms         | 2 3 |  3.0
Necromancy     | 2 3 |  3.4
Summonings     | 2 3 |  3.0
Translocations | 1 2 |  2.0

Action                   |  1- 3 |  4- 6 |  7- 9 | 10-12 | 13-15 | 16-18 || total
-------------------------+-------+-------+-------+-------+-------+-------++-------
Melee: Unarmed           |    84 |   144 |   273 |   615 |  1442 |   922 ||  3480
       Constrict         |    25 |    30 |    17 |    16 |    10 |    10 ||   108
       Kick              |    14 |     2 |       |       |       |       ||    16
       Tentacles         |    12 |    25 |    15 |    12 |    11 |    22 ||    97
       Punch             |       |     4 |     6 |     6 |     5 |    15 ||    36
Throw: Stone             |       |       |       |       |       |     1 ||     1
 Cast: Beastly Appendage |    14 |     4 |       |       |       |       ||    18
       Sticks to Snakes  |     1 |       |     2 |       |     1 |       ||     4
       Spider Form       |       |     3 |     1 |       |       |       ||     4
       Ice Form          |       |     2 |    17 |    53 |    84 |    52 ||   208
       Freeze            |       |       |     5 |     1 |       |       ||     6
       Regeneration      |       |       |       |       |    47 |    66 ||   113
       Animate Dead      |       |       |       |       |     6 |       ||     6
       Summon Butterflie |       |       |       |       |     1 |       ||     1
Invok: Heroism           |       |       |     1 |     5 |    16 |     7 ||    29
       Finesse           |       |       |       |     1 |     8 |     1 ||    10
 Abil: Evoke Berserk Rag |       |       |       |    12 |       |       ||    12
Evoke: Wand              |       |       |       |       |     8 |       ||     8
  Use: Scroll            |       |    15 |     9 |     7 |    12 |     6 ||    49
       Potion            |       |       |     1 |       |       |     4 ||     5
 Stab: Sleeping          |     1 |     4 |     8 |     6 |    15 |    13 ||    47
  Eat: Chunk             |     3 |     7 |     8 |    38 |    48 |    32 ||   136
       Meat ration       |       |     1 |       |     1 |       |       ||     2
       Fruit             |       |       |     2 |       |     5 |     1 ||     8
       Bread ration      |       |       |     1 |     1 |       |       ||     2
Armor: Skin              |     9 |     7 |    68 |   163 |   261 |   121 ||   629
Dodge: Dodged            |    49 |    98 |   122 |   339 |  1114 |  1067 ||  2789
Block: Buckler           |       |       |       |     1 |    11 |    33 ||    45
